 Dungeon Sprint DCSS version 0.31-a0-544-gceb718ecc6 (webtiles) character file.

Game seed: 5551740842665461280

8434 rocky1 the Martial Artist (level 11, -5/84 HPs)
             Began as a Djinni Shapeshifter on Aug 16, 2023.
             Was an Initiate of Gozag.
             Slain by a tyrant leech (27 damage)
             ... in the Dungeon (Sprint IX: "|||||||||||||||||||||||||||||").
             The game lasted 00:06:21 (3400 turns).

rocky1 the Martial Artist (Djinni Shapeshifter)     Turns: 3400, Time: 00:06:22

Health: -5/84      AC:  9    Str: 17    XL:     11   Next: 55%
Gold:   969        EV: 17    Int: 12    God:    Gozag SH:  0 Dex: 16

rFire   + +          .
                       - Unarmed
rCold   x . .        (no shield)
rNeg    . . .        p - +1 scale mail
rPois   ∞            (helmet currently unavailable)
rElec   +            (cloak currently unavailable)
rCorr   .            (gloves currently unavailable)
SInv    .            (boots unavailable)
Will    +....        v - amulet "Pidobbuu" {Acrobat rElec MP+9} Stlth
                     m - +2 ring of evasion
HPRegen 0.34/turn    l - +3 ring of strength
MPRegen 0.00/turn

%: no teleportation, acrobat, infuse magic (-6 HP)
@: beast-form, gold aura, flying
A: beast (slay +4), flying, sickness immunity, fire resistance 2, cold
vulnerability 1, float, innate caster, HP casting, extra vitality 1
a: Begin Untransformation, Renounce Religion, Potion Petition, Call Merchant,
Bribe Branch


You were in the Dungeon.
You worshipped Gozag.
Gozag was pleased with you.
You were a hulking beast.
You visited 1 branch You collected 2957 gold pieces.
You spent 754 gold pieces at shops.
You paid 1234 gold pieces to Gozag.

Inventory:

Armour
 a - a +0 animal skin
 f - a +1 robe of cold resistance
 n - a +0 cloak
 o - a +0 pair of boots
 p - a +1 scale mail (worn)
Jewellery
 l - a +3 ring of strength (right hand)
 m - a +2 ring of evasion (left hand)
 v - the amulet "Pidobbuu" (around neck) {Acrobat rElec MP+9}
   (You bought it in a shop in the Dungeon)

   [amulet of the acrobat]

   Acrobat:   It increases your evasion while moving and waiting.
   rElec:     It insulates you from electricity.
   MP+9:      It affects your magic capacity (+9).
Talismans
 c - a beast talisman (active)
 d - a flux talisman
Scrolls
 r - 3 scrolls of identify
 s - a scroll of fear
 t - 2 scrolls of enchant armour
 u - a scroll of fog
Potions
 b - a potion of lignification
 e - 6 potions of curing
 g - a potion of haste
 h - a potion of berserk rage
 j - a potion of invisibility
 k - 3 potions of brilliance
 q - a potion of heal wounds


   Skills:
 + Level 9.5 Fighting
 + Level 9.2 Armour
 + Level 10.9 Dodging
 * Level 14.5 Unarmed Combat
 + Level 6.8 Spellcasting
 + Level 6.8 Conjurations
 + Level 6.8 Hexes
   Level 0.0 Charms
 + Level 6.8 Summonings
 + Level 6.8 Necromancy
 + Level 6.8 Translocations
 + Level 6.8 Transmutations
 + Level 6.8 Fire Magic
 + Level 6.8 Ice Magic
 + Level 6.8 Air Magic
 + Level 6.8 Earth Magic
 + Level 6.8 Poison Magic
 * Level 11.7 Shapeshifting


You knew the following spells:

 Your Spells              Type           Power      Damage    Failure   Level
a - Summon Small Mammal   Summ           80%        N/A       2%          1
b - Searing Ray           Conj           40%        2d5       4%          2
c - Confusing Touch       Hex            20%        N/A       9%          3
d - Flame Wave            Conj/Fire      20%        2d7       28%         4
e - Sticky Flame          Conj/Fire      20%        2d4       28%         4
Your spell library was empty.

Dungeon Overview and Level Annotations

Branches:
Dungeon (1/1)

Altars:
Cheibriados
Dithmenos
Elyvilon
Fedhas
Gozag
Hepliaklqana
Makhleb
Nemelex Xobeh
Okawaru
Qazlal
Ru
Trog
Uskayaw
Wu Jian
Xom
Yredelemnul
Zin
The Shining One
Jiyva
Lugonu

Shops:
D =


Innate Abilities, Weirdness & Mutations

You are a hulking beast.
Your limbs bulge with bestial killing power. (Slay +4)
You are flying.
You are immune to sickness and miasma.
You are immune to poison.
Your flesh is very heat resistant. (rF++)
You are vulnerable to cold. (rC-)
You float through the air rather than walking.
You learn spells naturally, not from books.
Your magical power is your life essence.
You have superior vitality. (+4 MHP)


Message History

The tyrant leech is severely wounded.
You punch the tyrant leech!
The tyrant leech is almost dead.
The tyrant leech is distracted by your dazzling golden aura.
You catch the helpless tyrant leech completely off-guard!
You punch the tyrant leech!
You kill the tyrant leech!
You punch the tyrant leech!
The tyrant leech is lightly wounded.
You punch the tyrant leech!
The tyrant leech is moderately wounded.
The tyrant leech misses you.
You barely miss the tyrant leech.
The tyrant leech is moderately wounded.
The tyrant leech closely misses you.
You hit the tyrant leech.
The tyrant leech is moderately wounded.
You punch the tyrant leech!
The tyrant leech is heavily wounded.
The tyrant leech barely misses you.
You punch the tyrant leech!
The tyrant leech is severely wounded.
You punch the tyrant leech!
You kill the tyrant leech!
You punch the tyrant leech!
The tyrant leech is lightly wounded.
You closely miss the tyrant leech.
The tyrant leech is lightly wounded.
The tyrant leech bites you!!
* * * LOW HITPOINT WARNING * * *
You pummel the tyrant leech!!
The tyrant leech is heavily wounded.
The tyrant leech bites you but does no damage.
You hit the tyrant leech. Your punch misses the tyrant leech.
The tyrant leech is heavily wounded.
You barely miss the tyrant leech.
The tyrant leech is heavily wounded.
The tyrant leech bites you!!
You die...
Your body crumbles into a pile of gold.

▓▓▓▓▓▓▓▓▓▓▓▓▓▓▓▓▓▓▓▓▓▓▓▓
....wwwh........'.∩.....
▓▓▓▓▓▓▓▓▓▓▓▓▓▓▓▓▓▓▓▓▓▓▓▓▓▓▓▓▓▓▓▓▓
.................................
▓▓▓▓▓▓▓▓▓▓▓▓▓▓▓▓▓▓▓▓▓▓▓▓▓▓▓▓▓▓▓▓▓
.....'...)..)?!'_________________
▓▓▓▓▓▓▓▓▓▓▓▓▓▓▓▓▓▓▓▓▓▓▓▓▓▓▓▓▓▓▓▓▓


You could see 2 tyrant leeches and a worm.

Vanquished Creatures
  Josephine (D)
  A two-headed ogre (D)
  An oklob plant (D)
  A manticore (D)
  2 elephants (D)
  A black mamba (D)
  A gargoyle (D)
  An unseen horror (D)
  A cane toad (D)
  2 komodo dragons (D)
  A rime drake (D)
  2 trolls (D)
  3 tyrant leeches (D)
  A hornet (D)
  2 blink frogs (D)
  A hog (shapeshifter) (D)
  6 wraiths (D)
  2 basilisks (D)
  A vampire mosquito (D)
  4 water moccasins (D)
  A black bear (D)
  A centaur (D)
  3 bullfrogs (D)
  A howler monkey (D)
  An iguana (D)
  An adder (D)
  An orc (D)
  2 bats (D)
  An endoplasm (D)
  2 kobolds (D)
49 creatures vanquished.

Notes
Turn   | Place    | Note
-------+----------+-------------------------------------------
     0 | D        | rocky1 the Djinni Shapeshifter began the quest for the Orb.
     0 | D        | Reached XP level 1. HP: 17/17 MP: 0/0
    22 | D        | Reached XP level 2. HP: 20/22 MP: 0/0
    34 | D        | Noticed a water moccasin
    34 | D        | Noticed a water moccasin
    45 | D        | Killed a water moccasin
    46 | D        | Reached skill level 6 in Unarmed Combat
    46 | D        | Reached skill level 5 in Shapeshifting
    46 | D        | Reached XP level 3. HP: 12/28 MP: 0/0
    46 | D        | Learned a level 1 spell: Summon Small Mammal
    46 | D        | Reached XP level 4. HP: 14/33 MP: 0/0
    46 | D        | Reached XP level 5. HP: 16/38 MP: 0/0
    46 | D        | Learned a level 2 spell: Searing Ray
    53 | D        | Reached skill level 1 in Armour
    62 | D        | Killed a water moccasin
    63 | D        | Reached skill level 5 in Dodging
    63 | D        | Reached skill level 7 in Unarmed Combat
    63 | D        | Reached skill level 1 in Spellcasting
    63 | D        | Reached skill level 1 in Conjurations
    63 | D        | Reached skill level 1 in Hexes
    63 | D        | Reached skill level 1 in Summonings
    63 | D        | Reached skill level 1 in Necromancy
    63 | D        | Reached skill level 1 in Translocations
    63 | D        | Reached skill level 1 in Transmutations
    63 | D        | Reached skill level 1 in Fire Magic
    63 | D        | Reached skill level 1 in Ice Magic
    63 | D        | Reached skill level 1 in Air Magic
    63 | D        | Reached skill level 1 in Earth Magic
    63 | D        | Reached skill level 1 in Poison Magic
    63 | D        | Reached XP level 6. HP: 6/46 MP: 0/0
   516 | D        | Found a snail-covered altar of Cheibriados.
   516 | D        | Found a shadowy altar of Dithmenos.
   516 | D        | Found a white marble altar of Elyvilon.
   516 | D        | Found a blossoming altar of Fedhas.
   516 | D        | Found an opulent altar of Gozag.
   517 | D        | Found a hazy altar of Hepliaklqana.
   518 | D        | Found a viscous altar of Jiyva.
   520 | D        | Found a corrupted altar of Lugonu.
   521 | D        | Found a burning altar of Makhleb.
   522 | D        | Found a sparkling altar of Nemelex Xobeh.
   523 | D        | Found an iron altar of Okawaru.
   524 | D        | Became a worshipper of Gozag Ym Sagoz the Greedy
   525 | D        | Found a stormy altar of Qazlal.
   526 | D        | Found a sacrificial altar of Ru.
   528 | D        | Found a bloodstained altar of Trog.
   529 | D        | Found a hide-covered altar of Uskayaw.
   531 | D        | Found an ornate altar of the Wu Jian Council.
   532 | D        | Found a shimmering altar of Xom.
   533 | D        | Found a basalt altar of Yredelemnul.
   534 | D        | Found a glowing silver altar of Zin.
   535 | D        | Found a glowing golden altar of the Shining One.
   582 | D        | Noticed a two-headed ogre
   582 | D        | Noticed a troll
   582 | D        | Noticed a vampire mosquito
   582 | D        | Noticed a hornet
   582 | D        | Noticed a wraith
   591 | D        | Killed a hornet
   592 | D        | Reached skill level 8 in Unarmed Combat
   592 | D        | Reached XP level 7. HP: 38/53 MP: 0/0
   592 | D        | Learned a level 3 spell: Confusing Touch
   592 | D        | Killed a wraith
   593 | D        | Reached skill level 9 in Unarmed Combat
   599 | D        | Killed a vampire mosquito
   600 | D        | Reached skill level 5 in Fighting
   600 | D        | Reached XP level 8. HP: 41/59 MP: 0/0
   600 | D        | Killed a troll
   604 | D        | Killed a two-headed ogre
   605 | D        | Reached skill level 5 in Armour
   605 | D        | Reached skill level 10 in Unarmed Combat
   605 | D        | Reached XP level 9. HP: 37/66 MP: 0/0
   605 | D        | Learned a level 4 spell: Flame Wave
   835 | D        | Noticed a gargoyle
   835 | D        | Noticed a troll
   835 | D        | Noticed a manticore
   838 | D        | Killed a troll
   839 | D        | Reached skill level 11 in Unarmed Combat
   842 | D        | Killed a manticore
   848 | D        | Killed a gargoyle
   849 | D        | Reached skill level 5 in Spellcasting
   849 | D        | Reached skill level 5 in Conjurations
   849 | D        | Reached skill level 5 in Hexes
   849 | D        | Reached skill level 5 in Summonings
   849 | D        | Reached skill level 5 in Necromancy
   849 | D        | Reached skill level 5 in Translocations
   849 | D        | Reached skill level 5 in Transmutations
   849 | D        | Reached skill level 5 in Fire Magic
   849 | D        | Reached skill level 5 in Ice Magic
   849 | D        | Reached skill level 5 in Air Magic
   849 | D        | Reached skill level 5 in Earth Magic
   849 | D        | Reached skill level 5 in Poison Magic
   860 | D        | Killed an unseen horror
   861 | D        | Reached skill level 12 in Unarmed Combat
   861 | D        | Reached XP level 10. HP: 37/75 MP: 0/0
  1195 | D        | Noticed Josephine
  1210 | D        | Killed Josephine
  1211 | D        | Reached skill level 10 in Shapeshifting
  1803 | D        | Noticed a komodo dragon
  1803 | D        | Noticed an elephant
  1822 | D        | Reached skill level 13 in Unarmed Combat
  1831 | D        | Killed an elephant
  1832 | D        | Noticed an elephant
  1841 | D        | Killed a komodo dragon
  2122 | D        | Killed an elephant
  2123 | D        | Reached skill level 10 in Dodging
  2123 | D        | Reached XP level 11. HP: 54/82 MP: 0/0
  2123 | D        | Learned a level 4 spell: Sticky Flame
  2317 | D        | Noticed an oklob plant
  2468 | D        | Bought the amulet "Pidobbuu" {Acrobat rElec MP+9} for 754
                  | gold pieces
  3025 | D        | Killed an oklob plant
  3026 | D        | Reached skill level 14 in Unarmed Combat
  3400 | D        | Slain by a tyrant leech

Illustrated notes

Levels and vault maps discovered:
D:        linesprint [early_d, line_temple, items_1, d_10, items_2, lair_1,
          lair_end, items_3, orc_1, orc_end, items_4, d_15, swamp_1, shoals_1,
          snake_1, spider_1, d_20, vaults_1, items_5, swamp_end, shoals_end,
          snake_end, spider_end, vaults_end, d_27, items_6, zot_1, zot_end,
          crypt_end, forest_end, elf_end, slime_end, tomb_end, abyss_end,
          pan_hell_end]

Skill      XL: |  1  2  3  4  5  6  7  8  9 10 11 |
---------------+----------------------------------+-----
Shapeshifting  | 3 5 6 7 8 9 10 11 | 11.7
Dodging        | 4 5 6 7 8 10 | 10.9
Unarmed Combat | 6 7 8 9 10 12 13 14 | 14.5
Fighting       | 3 4 5 6 7 8 9 |  9.5
Armour         | 2 3 4 5 7 8 9 |  9.2
Spellcasting   | 1 2 3 4 5 6 |  6.8
Conjurations   | 1 2 3 4 5 6 |  6.8
Hexes          | 1 2 3 4 5 6 |  6.8
Summonings     | 1 2 3 4 5 6 |  6.8
Necromancy     | 1 2 3 4 5 6 |  6.8
Translocations | 1 2 3 4 5 6 |  6.8
Transmutations | 1 2 3 4 5 6 |  6.8
Fire Magic     | 1 2 3 4 5 6 |  6.8
Ice Magic      | 1 2 3 4 5 6 |  6.8
Air Magic      | 1 2 3 4 5 6 |  6.8
Earth Magic    | 1 2 3 4 5 6 |  6.8
Poison Magic   | 1 2 3 4 5 6 |  6.8

Action                     |  1- 3 |  4- 6 |  7- 9 | 10-12 || total
---------------------------+-------+-------+-------+-------++-------
  Melee: Unarmed           |    28 |    22 |    22 |   171 ||   243
         Punch             |     3 |     1 |       |    20 ||    24
 Invoke: Potion Petition   |       |       |       |     1 ||     1
         Call Merchant     |       |       |       |     1 ||     1
  Evoke: Wand              |       |     3 |     6 |     1 ||    10
    Use: Potion            |       |     1 |     2 |     1 ||     4
         Scroll            |       |       |     1 |     1 ||     2
   Stab: Distracted        |       |       |       |     2 ||     2
 Armour: Animal skin       |     7 |     2 |       |       ||     9
         Scale mail        |       |     2 |    13 |    21 ||    36
  Dodge: Dodged            |    14 |    12 |    12 |    61 ||    99

Table legend: (Time is in decaauts)
 A = Elapsed time spent in this place.
 B = Non-inter-level travel time spent in this place.
 C = Inter-level travel time spent in this place.
 D = Time resting spent in this place.
 E = Time spent auto-exploring this place.
 F = Levels seen in this place.
 G = Mean time per level.
                   A        B        C        D        E       F      G
               +--------+--------+--------+--------+--------+-----+--------+
         Total |   3351 |   3351 |      0 |   2774 |      0 |   1 | 3351.0 |
       Dungeon |   3351 |   3351 |      0 |   2774 |      0 |   1 | 3351.0 |
               +--------+--------+--------+--------+--------+-----+--------+

Top non-repeatable levels by time:
       D: 3351 daAuts
